 Dungeon Crawl Stone Soup version 0.20.0-15-g7f486f2 (webtiles) character file.

72 Inarius the Digger (level 4, -5/25 HPs)
             Began as a Gargoyle Earth Elementalist on June 27, 2017.
             Killed by divine providence
             ... invoked by an orc priest
              (12 damage)
             ... on level 3 of the Dungeon.
             The game lasted 00:04:06 (2672 turns).

Inarius the Digger (Gargoyle Earth Elementalist)    Turns: 2672, Time: 00:04:07

Health: -5/25      AC:  7    Str: 11    XL:     4   Next: 26%
Magic:  1/7        EV: 11    Int: 17    God:
Gold:   113        SH:  0    Dex: 10    Spells: 3/7 levels left

rFire    + . .     SeeInvis .   j - +0 dagger
rCold    . . .     Gourm    .   (no shield)
rNeg     + . .     Faith    .   o - +0 leather armour
rPois    ∞         Spirit   .   f - +0 helmet
rElec    +         Reflect  .   (no cloak)
rCorr    .         Harm     .   (no gloves)
MR       .....                  (no boots)
Stlth    ++........             (no amulet)
Regen    0.1/turn               a - ring of protection from fire
MPRegen  0.1/turn               (no ring)

@: very slightly contaminated
A: negative energy resistance 1, electricity resistance, unbreathing,
petrification resistance, rot immunity, AC +3
a: no special abilities


You were on level 3 of the Dungeon.
You were not hungry.

You visited 1 branch of the dungeon, and saw 3 of its levels.

You collected 113 gold pieces.

Inventory:

Hand Weapons
 j - a +0 dagger (weapon)
Missiles
 b - 58 stones (quivered)
Armour
 f - a +0 helmet (worn)
 o - a +0 leather armour (worn)
Jewellery
 a - a ring of protection from fire (left hand)
Scrolls
 c - a scroll of random uselessness {unknown}
 g - a scroll of enchant armour {unknown}
 m - a scroll of fear {unknown}
 n - a scroll of noise {unknown}
 p - a scroll of teleportation {unknown}
 q - a scroll of recharging {unknown}
Potions
 h - 3 potions of flight {unknown}
 i - a potion of haste
 l - a potion of curing {unknown}
Books
 e - a book of Geomancy

   Spells                             Type                      Level
   a - Sandblast                      Earth                        1
   b - Passwall                       Transmutation/Earth          2
   c - Stone Arrow                    Conjuration/Earth            3
   d - Petrify                        Transmutation/Earth          4
   e - Lee's Rapid Deconstruction     Earth                        5
Comestibles
 d - a bread ration
 k - 3 fruits
 r - 2 chunks of flesh


   Skills:
 * Level 1.3 Fighting
 * Level 1.2 Armour
 + Level 1.7 Dodging
 - Level 2.1 Stealth
 - Level 1.0 Unarmed Combat
 + Level 2.2 Spellcasting
   Level 0.7 Transmutations
 + Level 4.7 Earth Magic


You had 3 spell levels left.
You knew the following spells:

 Your Spells              Type           Power        Failure   Level  Hunger
a - Sandblast             Erth           ###...       3%          1    #......
b - Stone Arrow           Conj/Erth      ##....       28%         3    ###....


Dungeon Overview and Level Annotations

Branches:
Dungeon (3/15)

Altars:


Innate Abilities, Weirdness & Mutations

You are resistant to torment.
Your stone body is resilient. (AC +3)
You are immune to poison.
You resist negative energy. (rN+)
You are resistant to electric shocks. (rElec)
You can survive without breathing.
You are immune to petrification.
You are immune to rotting.


Message History

Confirm with . or Enter, or press ? or * to list all spells.
Aiming: Sandblast
Press: ? - help, Shift-Dir - straight line, f/p - orc
Aim: an orc, wearing a leather armour (severely wounded)
The blast of sand hits the orc.
You kill the orc!
b - 59 stones
Casting: Sandblast
Confirm with . or Enter, or press ? or * to list all spells.
Aiming: Sandblast
Press: ? - help, Shift-Dir - straight line, f - orc
Aim: an orc, wielding a whip and wearing a leather armour The blast of sand misses the orc.
The blast of sand hits the rat.
You kill the rat!
b - 58 stones The orc hits you with a whip.
* * * LOW HITPOINT WARNING * * *
The orc priest mumbles some strange prayers to Beogh against you.
Beogh smites you!
You die...

........# #..#.....#.#.#
#.....$.#.#.#........#.#.#
.##.....#.#.#.#.###........#
........#.#...... #..#.#.###
..........#.....# #..#.#.#
............>... #..#.#.##
....#.<......... .........#
...........###########.#..#
...........†o.o.@......#..#
##.........#############..#
#....####.#############..###
#.... #................<.#
#..... #.##################
#.#... #.# ..#..# #.# #.#
#.#


You could see an orc priest and an orc.

Vanquished Creatures
  2 adders (D:2)
  An ooze (D:3)
  A worm (D:3)
  2 dart slugs (D:1)
  2 leopard geckos
  An orc (D:3)
  2 giant cockroaches (D:2)
  4 goblins
  3 hobgoblins
  3 jackals (D:2)
  2 quokkas (D:2)
  4 bats (D:1)
  4 frilled lizards
  5 kobolds
  3 rats
39 creatures vanquished.

Notes
Turn   | Place    | Note
-------+----------+-------------------------------------------
     0 | D:1      | Inarius the Gargoyle Earth Elementalist began the quest for the Orb.
     0 | D:1      | Reached XP level 1. HP: 10/10 MP: 3/3
   116 | D:1      | Reached skill level 4 in Earth Magic
   188 | D:1      | Reached XP level 2. HP: 13/15 MP: 3/5
   553 | D:1      | Reached skill level 1 in Unarmed Combat
  1266 | D:2      | Reached XP level 3. HP: 16/19 MP: 6/6
  2086 | D:2      | Reached skill level 1 in Fighting
  2219 | D:2      | Reached XP level 4. HP: 25/25 MP: 7/7
  2224 | D:2      | Learned a level 3 spell: Stone Arrow
  2536 | D:3      | Reached skill level 1 in Armour
  2672 | D:3      | Killed from afar by an orc priest

Skill      XL: |  1  2  3  4 |
---------------+-------------+-----
Earth Magic    | 4 |  4.7
Unarmed Combat | 1 |  1.0
Fighting       | 1 |  1.3
Armour         | 1 |  1.2
Dodging        | |  1.7
Stealth        | |  2.1
Spellcasting   | |  2.2
Transmutations | |  0.7

Action                   |  1- 3 |  4- 6 || total
-------------------------+-------+-------++-------
Melee: Unarmed           |    67 |       ||    67
       Dagger            |    87 |    38 ||   125
 Cast: Sandblast         |    17 |     8 ||    25
 Stab: Sleeping          |     3 |       ||     3
  Eat: Chunk             |     5 |     1 ||     6
Armor: Robe              |    37 |       ||    37
       Leather armour    |    12 |    16 ||    28
Dodge: Dodged            |   120 |    18 ||   138
